 Dungeon Crawl Stone Soup version 0.29.0-13-gc9e81de378 (webtiles) character file.

Game seed: 3661419601817114991

296 freelancePsychic the Cudgeller (level 6, 0/53 HPs)
             Began as a Meteoran Gladiator on Sept 10, 2022.
             Slain by an orc wizard
             ... wielding a +0 dagger
              (4 damage)
             ... on level 6 of the Dungeon.
             The game lasted 00:05:44 (970 turns).

freelancePsychic the Cudgeller (Meteoran Gladiator)  Turns: 970, Time: 00:05:44

Health: 0/53       AC:  7    Str: 17    XL:     6   Next: 94%
Magic:  7/7        EV: 11    Int: 11    God:
Gold:   60         SH:  0    Dex: 15    Spells: 5/5 levels left

rFire   . . .      SeeInvis .   a - +0 flail
rCold   . . .      Faith    .   o - +0 buckler
rNeg    . . .      Spirit   .   l - +0 ring mail
rPois   +          Reflect  .   c - +0 helmet
rElec   .          Harm     .   k - +0 cloak
rCorr   .          Rampage  .   (no gloves)
Will    .....                   (no boots)
Stlth   ..........              (no amulet)
HPRegen 0.17/turn               m - ring of poison resistance
MPRegen 0.10/turn               (no ring)

@: confused, glowing
A: sense surroundings 1, otherworldly, glowing, explore regen
a: no special abilities


You were on level 6 of the Dungeon.
You visited 1 branch of the dungeon, and saw 6 of its levels.

You collected 109 gold pieces.
You spent 49 gold pieces at shops.

Inventory:

Hand Weapons
 a - a +0 flail (weapon)
Armour
 b - a +0 leather armour
 c - a +0 helmet (worn)
 k - a +0 cloak (worn)
 l - a +0 ring mail (worn)
 o - a +0 buckler (worn)
Jewellery
 m - a ring of poison resistance (left hand)
Scrolls
 f - 2 scrolls of blinking
 j - a scroll of torment
Potions
 h - a potion of mutation {unknown}
 i - a potion of haste {@q3}
 n - a potion of ambrosia {unknown}


   Skills:
 + Level 4.4 Fighting
 * Level 7.8 Maces & Flails
 - Level 2.4 Throwing
 - Level 3.6 Dodging


You had 5 spell levels left.
You didn't know any spells.
Your spell library contained the following spells:

 Spells                   Type           Power      Damage    Failure   Level
 Apportation              Tloc           0%         N/A       67%         1
 Necrotise                Necr           0%         1d4       67%         1
 Summon Small Mammal      Summ           0%         N/A       67%         1
 Portal Projectile        Hex/Tloc       0%         N/A       95%         3
 Tukima's Dance           Hex            0%         N/A       95%         3
 Blade Hands              Tmut           0%         N/A       100%        5


Dungeon Overview and Level Annotations

Branches:
Dungeon (6/15) Zot: 2628
 Temple: D:4-7

Altars:

Shops:
D:6 [:

Annotations:
D:2 Sigmund
D:6 Eustachio


Innate Abilities, Weirdness & Mutations

You passively map a small area around you.
You are easily found by Zot.
You glow in the dark.
You regain HP and MP as you explore.


Message History

There are monsters nearby!
You feel better.
The orc wizard hits you with a +0 dagger.
* * * LOW HITPOINT WARNING * * *
The orc hits you but does no damage.
The orc wizard hits you but does no damage.
Something hits you.
* * * LOW HITPOINT WARNING * * *
Something hits you but does no damage. The orc attacks as you move away!
The orc hits you but does no damage.
The orc wizard hits you but does no damage.
Something hits you but does no damage.
The orc wizard attacks as you move away!
The orc wizard hits you but does no damage.
Something hits you but does no damage.
The orc wizard attacks as you move away!
The orc wizard hits you but does no damage.
You barely miss the orc wizard. The orc wizard closely misses you.
You hit the orc wizard but do no damage.
The orc wizard barely misses you.
You closely miss the orc wizard. You barely miss the orc.
The orc wizard gestures at you while chanting.
The magic dart hits you.
* * * LOW HITPOINT WARNING * * *
The orc closely misses you.
You hit the orc.
The orc is severely wounded.
The orc wizard barely misses you. The orc hits you with a +0 war axe!
* * * LOW HITPOINT WARNING * * *
You hit the orc.
You kill the orc!
You block the orc wizard's attack.
You barely miss the orc wizard.
The orc wizard gestures at you while chanting.
You are confused.
The orc wizard misses you.
You miss the orc wizard.
The orc wizard hits you with a +0 dagger.
You die...

.............# ##......#
.............# #.......#
.............###.......#
.............##.......#
..∩...........#......##
.................#..##
...............{.#.##
#......≈......##o###
##....≈.≈....###@o#
#...≈...≈...# ##.#
##.≈..∩..≈..# *..#
##.≈...≈...# ...# *
#..≈.≈....# .....
#...≈....## .##...
###......# .# ##..
######## ## #. *


You could see 2 orc wizards.

Vanquished Creatures
  A black bear (D:3)
  Blork the orc (D:4)
  A jelly (D:5)
  2 hounds
  An adder (D:4)
  A shadow imp (D:5)
  An ufetubus (D:5)
  2 worms
  2 orcs
  2 bats (D:3)
  2 endoplasms
  2 goblins (D:3)
  4 hobgoblins
  A quokka (D:4)
  4 ball pythons
  A kobold (D:1)
  2 rats
30 creatures vanquished.

Notes
Turn   | Place    | Note
-------+----------+-------------------------------------------
     0 | D:1      | freelancePsychic the Meteoran Gladiator began the quest for
                  | the Orb.
     0 | D:1      | Reached XP level 1. HP: 17/17 MP: 2/2
   164 | D:2      | Noticed Sigmund
   199 | D:2      | Reached XP level 2. HP: 17/25 MP: 3/3
   232 | D:3      | Noticed a black bear
   243 | D:3      | Killed a black bear
   244 | D:3      | Reached skill level 6 in Maces & Flails
   244 | D:3      | Reached XP level 3. HP: 31/31 MP: 4/4
   244 | D:3      | Reached XP level 4. HP: 38/38 MP: 5/5
   244 | D:3      | Reached XP level 5. HP: 45/45 MP: 6/6
   491 | D:5      | Entered Level 5 of the Dungeon
   533 | D:5      | Reached XP level 6. HP: 26/52 MP: 7/7
   596 | D:5      | Reached skill level 7 in Maces & Flails
   650 | D:4      | Noticed Blork the orc
   668 | D:4      | Killed Blork the orc
   867 | D:6      | Noticed Eustachio
   919 | D:6      | Found Nasuk's Armour Emporium.
   925 | D:6      | Found Zymepn's Book Boutique.
   927 | D:6      | Bought a +0 helmet for 49 gold pieces
   970 | D:6      | Slain by an orc wizard

Illustrated notes

Levels and vault maps discovered:
D:1:      sevenhm_arrival_forest_fort_large_2, layout_loops_cross
D:2:      layout_loops_ring, hellmonk_ecumenical_altar_zigzags,
          mrwooster_statue_mirror, uniq_sigmund
D:3:      layout_loops_corners, nzn_wu_jian_council_hall, minmay_quantized
D:4:      layout_basic, uniq_blork_the_orc
D:5:      dreamdust_elfheim, layout_basic, lemuel_crystal_altar,
          lemuel_tele_altar, temple_statues
D:6:      layout_cave_pods, kennysheep_mini, nicolae_overflow_crystal_walls,
          serial_shops, shop, shop, nicolae_diamond_shop,
          nicolae_shop_hallway_stairs, nicolae_shop_advertising_works
          [nicolae_subvault_shop_adworks], uniq_eustachio, uniq_maggie

Skill      XL: |  1  2  3  4  5  6 |
---------------+-------------------+-----
Fighting       | 3 4 |  4.4
Maces & Flails | 6 7 |  7.8
Throwing       | |  2.4
Dodging        | |  3.6

Action                   |  1- 3 |  4- 6 || total
-------------------------+-------+-------++-------
Melee: Flail             |    24 |   161 ||   185
       Punch             |       |     3 ||     3
Throw: Throwing net      |     1 |     2 ||     3
       Javelin           |       |     1 ||     1
  Use: Scroll            |       |     6 ||     6
       Potion            |       |     3 ||     3
Armor: Leather armour    |     6 |    29 ||    35
       Ring mail         |       |    55 ||    55
Dodge: Dodged            |    13 |   101 ||   114
Block: Buckler           |       |     4 ||     4
